 Dungeon Crawl Stone Soup version 0.27-a0-1196-g3e9cee4cb2 (webtiles) character file.

Game seed: 9938899535188659973

149886 Zonian the Champion of Chaos (level 18, 0/138 HPs)
             Began as a Human Conjurer on May 26, 2021.
             Was the Champion of Makhleb.
             Slain by a salamander
             ... wielding a +0 halberd
              (21 damage)
             ... on level 4 of the Snake Pit on May 27, 2021.
             The game lasted 03:14:46 (67424 turns).

Zonian the Champion of Chaos (Human Conjurer)      Turns: 67424, Time: 03:14:47

Health: 0/138      AC: 19    Str: 13    XL:     18   Next: 14%
Magic:  37/41      EV: 10    Int: 32    God:    Makhleb [******]
Gold:   971        SH: 13    Dex: 12    Spells: 6/38 levels left

rFire    x . .     SeeInvis .   V - +11 hand axe "Viquh" {vorpal, Fly rElec rF- Int+7}
rCold    . . .     Faith    .   i - +3 buckler
rNeg     . . .     Spirit   .   Q - +4 ring mail "Nuptoug" {+Blink rF- Str+7}
rPois    +         Reflect  +   A - +1 helmet
rElec    +         Harm     .   q - +1 cloak {Will+}
rCorr    .         Rampage  .   (no gloves)
Will     +++..                  p - +2 pair of boots
Stlth    +++.......             E - amulet of reflection
HPRegen  0.33/turn              e - ring of magical power
MPRegen  0.27/turn              O - ring "Ipromyr" {Wiz rPois rF+ Will+ Str-3}

@: weakened, flying, constricted, studying Staves
A: no striking features
a: Renounce Religion, Evoke Blink, Minor Destruction, Lesser Servant of Makhleb,
Major Destruction, Greater Servant of Makhleb


You were on level 4 of the Snake Pit.
You worshipped Makhleb.
Makhleb was exalted by your worship.
You visited 5 branches of the dungeon, and saw 28 of its levels.

You collected 4984 gold pieces.
You spent 4013 gold pieces at shops.

Inventory:

Hand Weapons
 j - the +5 war axe "Yruwibe" {vorpal, rF+ SInv}
   (You found it on level 4 of the Lair of Beasts)

   It inflicts extra damage upon your enemies.
   It protects you from fire.
   It lets you see invisible.
 K - a +3 hunting sling of freezing
 T - the +8 frozen axe "Frostbite" {freezing cloud, *Noise Fly rC+}
   (You found it on level 10 of the Dungeon)

   It has been specially enchanted to freeze those struck by it, causing extra
   injury to most foes and up to half again as much damage against particularly
   susceptible opponents.
   It can also slow down cold-blooded creatures.
   It protects you from cold.
   It grants you flight.
   It may make noises in combat.
 V - the +11 hand axe "Viquh" (weapon) {vorpal, Fly rElec rF- Int+7}
   (You found it on level 1 of the Lair of Beasts)

   It inflicts extra damage upon your enemies.
   It affects your intelligence (+7).
   It makes you vulnerable to fire.
   It insulates you from electricity.
   It grants you flight.
 Y - a +2 war axe of venom
 Z - the +8 war axe of Uncomfortable Rashes {vorpal, rElec rPois}
   (You bought it in a shop on level 2 of the Orcish Mines)

   It inflicts extra damage upon your enemies.
   It insulates you from electricity.
   It protects you from poison.
Missiles
 v - 122 sling bullets
 x - 13 javelins
 F - 7 throwing nets
 L - 100 poisoned darts
 U - 7 silver javelins
Armour
 i - a +3 buckler (worn)
 p - a +2 pair of boots (worn)
 q - a +1 cloak of willpower (worn)
 A - a +1 helmet (worn)
 Q - the +4 ring mail "Nuptoug" (worn) {+Blink rF- Str+7}
   (You bought it in a shop on level 2 of the Orcish Mines)

   It affects your strength (+7).
   It makes you vulnerable to fire.
   It lets you blink.
Magical Staves
 b - a staff of earth
Jewellery
 e - a ring of magical power (left hand)
 f - a ring of fire
 g - an amulet of magic regeneration
 k - a +6 ring of intelligence
 l - an amulet of the acrobat
 D - a +4 ring of protection
 E - an amulet of reflection (around neck)
 G - a +4 ring of slaying
 M - a ring of resist corrosion
 O - the ring "Ipromyr" (right hand) {Wiz rPois rF+ Will+ Str-3}
   (You bought it in a shop on level 1 of the Snake Pit)

   [ring of wizardry]

   It improves your spell success rate.
   It affects your strength (-3).
   It protects you from fire.
   It protects you from poison.
   It increases your willpower.
Wands
 H - a wand of mindburst (31)
 I - a wand of acid (21)
 J - a wand of polymorph (8)
 R - a wand of paralysis (9)
 S - a wand of iceblast (20)
 W - a wand of flame (53)
Scrolls
 c - 7 scrolls of magic mapping
 t - 7 scrolls of teleportation
 u - a scroll of fog
 y - 2 scrolls of fear
 P - 5 scrolls of blinking
 X - 2 scrolls of silence
Potions
 a - 3 potions of cancellation
 d - 3 potions of berserk rage
 m - 5 potions of might
 n - 4 potions of brilliance
 r - 4 potions of heal wounds
 s - 2 potions of resistance
 w - 4 potions of haste
 z - 3 potions of lignification
 B - 3 potions of magic
 C - 4 potions of flight
 N - 2 potions of curing
Miscellaneous
 h - a box of beasts
 o - a condenser vane


   Skills:
 + Level 11.0 Fighting
 - Level 4.7 Short Blades
 + Level 9.2 Axes
 - Level 0.8(5.8) Maces & Flails
 - Level 4.2 Slings
 + Level 8.9 Armour
 - Level 7.2 Dodging
 - Level 6.7 Stealth
 - Level 4.7 Shields
 + Level 10.5 Spellcasting
 - Level 9.8 Conjurations
 - Level 3.1 Hexes
 + Level 9.0 Necromancy
 - Level 7.5 Translocations
 - Level 2.5 Transmutations
 + Level 6.1 Earth Magic
 + Level 11.6 Invocations
 + Level 8.7 Evocations


You had 6 spell levels left.
You knew the following spells:

 Your Spells              Type           Power      Damage    Failure   Level
a - Magic Dart            Conj           100%       1d8       1%          1
b - Searing Ray           Conj           100%       3d7       1%          2
c - Dazzling Flash        Conj/Hex       100%       N/A       1%          3
d - Iskenderun's Mystic   Conj/Tloc      64%        2d13      1%          4
e - Beastly Appendage     Tmut           64%        N/A       1%          1
f - Animate Skeleton      Necr           100%       N/A       1%          1
g - Vampiric Draining     Necr           32%        2d10      1%          3
h - Animate Dead          Necr           32%        N/A       1%          4
i - Borgnjor's Vile Clut  Necr/Erth      30%        N/A       2%          5
j - Dispel Undead         Necr           65%        3d22      1%          4
k - Fulminant Prism       Conj/Hex       27%        3d14      1%          4

Your spell library contained the following spells:

 Spells                   Type           Power      Damage    Failure   Level
 Apportation              Tloc           100%       N/A       1%          1
 Pain                     Necr           100%       1d9       1%          1
 Corpse Rot               Necr/Air       N/A        N/A       1%          2
 Ensorcelled Hibernation  Hex/Ice        52%        N/A       1%          2
 Sublimation of Blood     Necr           32%        N/A       1%          2
 Wereblood                Tmut           32%        N/A       1%          2
 Lesser Beckoning         Tloc           30%        N/A       1%          3
 Tukima's Dance           Hex            37%        N/A       1%          3
 Agony                    Necr           65%        N/A       1%          5
 Excruciating Wounds      Necr           32%        N/A       1%          5
 Summon Small Mammal      Summ           64%        N/A       2%          1
 Call Imp                 Summ           16%        N/A       3%          2
 Summon Guardian Golem    Hex/Summ       26%        N/A       3%          3
 Spider Form              Tmut/Pois      12%        N/A       4%          3
 Call Canine Familiar     Summ           16%        N/A       6%          3
 Animate Armour           Summ/Erth      72%        N/A       6%          4
 Ice Form                 Ice/Tmut       24%        N/A       13%         4
 Summon Ice Beast         Ice/Summ       16%        N/A       21%         4
 Summon Lightning Spire   Summ/Air       16%        N/A       21%         4
 Hydra Form               Tmut           16%        N/A       21%         5
 Silence                  Hex/Air        13%        N/A       30%         5
 Alistair's Intoxication  Tmut/Pois      16%        N/A       32%         5
 Invisibility             Hex            37%        N/A       63%         6
 Shadow Creatures         Summ           N/A        N/A       96%         6


Dungeon Overview and Level Annotations

Branches:
Dungeon (15/15)            Temple (1/1) D:7            Lair (6/6) D:10
  Swamp (0/4) Lair:3        Snake (4/4) Lair:2        Slime (0/5) Lair:6
    Orc (2/2) D:11            Elf (0/3) Orc:2        Vaults (0/5) D:13
 Depths (0/5) D:15

Altars:
Elyvilon
Fedhas
Gozag
Hepliaklqana
Kikubaaqudgha
Makhleb
Okawaru
Sif Muna
Trog
Uskayaw
Vehumet
Wu Jian
Xom
The Shining One
Beogh

Shops:
D:1 *   D:2 [[   D:5 (   D:11 [   D:12 *   Orc:1 [   Orc:2 *([([
Snake:1 **:=:

Annotations:
D:13 2 runed translucent doors, exclusion: orange crystal statue
Lair:5 exclusion: oklob plant
Snake:1 3 runed translucent doors, exclusion: obsidian statue, Pairof's ghost, adept MiFi


Message History

Your salamander zombie crumbles into dust!
A salamander tyrant comes into view.
The salamander hits you with a +0 halberd!
You are engulfed in flames!!
The fire burns you terribly!
The anaconda hisses angrily.
You hit the salamander.
The salamander is lightly wounded.
The salamander hits you but does no damage.
You hit the salamander.
The salamander is lightly wounded.
You hit the salamander.
The salamander is moderately wounded.
You block the salamander's attack.
You hit the salamander.
The salamander is moderately wounded.
You miss the anaconda.
The salamander tyrant rends the earth beneath you!
The blast of magma engulfs you!!! The lava burns you terribly!
The blast of magma engulfs the anaconda!!
The blast of magma engulfs the salamander!!
The salamander partially resists.
The salamander hits you with a +0 halberd!
You are engulfed in flames!
The fire burns you terribly!
* * * LOW HITPOINT WARNING * * *
The anaconda grabs you. The anaconda closely misses you.
The anaconda constricts you.
You hear a shout! x6; You hear a howl!
You hear a shout! x2
Casting: Searing Ray (safe; 1% risk of failure)
Confirm with . or Enter, or press ? or * to list all spells.
You erupt in a blast of force!
The mystic blast hits the anaconda!
The anaconda is severely wounded.
The anaconda is knocked back by the mystic blast.
The anaconda slams into the rock wall!
The mystic blast hits the salamander!
The salamander is almost dead.
The salamander tyrant gazes fiercely through you!
You feel your attacks grow feeble.
The salamander hits you with a +0 halberd!
* * * LOW HITPOINT WARNING * * *
You are engulfed in flames!!
The fire burns you terribly!
You die...

,,,,,,,,,,,,,,,,,,,,,,,,,,,,,,*,,
,,,,,,,,,,,,,,,,,,,,..,,,*,,,,*,,
,,,,,,,,,,,*****,,,,.,**,*,,,,*,,
***,,,,,,*** *,,,.#***,,*,,*,,,
******** **,,.#**,,,*,,,,,,
###..##..,*,,,,,,,
#.#......,,,,,,**,
#.N..N...,,,,,,***
#@##N,,,*,,,,,,,*,
################S≈#,,#,*,,,**,,,,
.....#..........###,.#.,,,,,,**,,
#..........###..###...S,,**,,,**,
.#...........#.....####**********
.......................***
.....#..##......##.....,,***
......##.#...)..##.....,,,,**
.............(....#.###,,,,,**


You could see a salamander mystic (wandering), a salamander and an anaconda.

Vanquished Creatures
  Jorgrun (Snake:1)
  A nagaraja (Snake:2)
  An orc warlord (Orc:2)
  The ghost of Jazxac the Carver, a journeyman MiMo of Cheibriados (Lair:3)
  Snorg (Lair:4)
  Josephine (Lair:4)
  A fire dragon (Lair:6)
  An ettin (Orc:2)
  Harold (D:7)
  2 vault guards (D:13)
  6 hydras
  An ice dragon (D:10)
  2 salamander tyrants
  8 boulder beetles
  4 naga warriors
  A rakshasa (D:15)
  5 anacondas
  5 centaur warriors
  8 death yaks
  3 two-headed ogres
  3 death knights
  An alligator (Snake:2)
  The ghost of Dordric the Cleaver, a novice HOMo of Beogh (D:9)
  3 orc high priests (Orc:2)
  2 shock serpents
  Nergalle (D:11)
  9 naga sharpshooters
  9 skeletal warriors
  A salamander mystic (Snake:2)
  2 goliath frogs (Snake:2)
  4 bog bodies (Lair:3)
  A phantasmal warrior (D:12)
  2 swamp dragons
  A lindwurm (Lair:5)
  A mana viper (Snake:2)
  An orc knight (D:15)
  Pikel (D:7)
  3 orc sorcerers (Orc:2)
  A harpy (D:9)
  2 oklob plants (Lair:3)
  4 wolf spiders
  9 salamanders
  2 cyclopes
  6 manticores
  5 elephants (Lair:4)
  Joseph (Lair:1)
  34 black mambas
  4 guardian serpents
  6 naga magi
  A torpor snail (Lair:6)
  4 gargoyles
  21 cane toads
  An unseen horror (D:12)
  7 rime drakes
  2 freezing wraiths (D:12)
  3 kobold demonologists
  9 komodo dragons
  2 polar bears (Lair:3)
  7 trolls
  Prince Ribbit (D:7)
  6 hornets
  12 blink frogs
  9 slime creatures
  5 dream sheep (Lair:5)
  A tyrant leech (Snake:1)
  2 redbacks (Lair:6)
  3 shadows
  A centaur simulacrum (D:14)
  6 wraiths
  14 wyverns
  3 basilisks
  44 yaks
  9 humans (D:13)
  3 steam dragons
  2 two-headed ogre zombies (D:11)
  3 swamp worms
  15 vampire mosquitoes
  Grum (D:9)
  3 acid dragons
  8 wargs
  19 nagas
  32 water moccasins
  A swamp drake (Snake:2)
  4 black bears
  3 ice beasts (D:10)
  27 orc warriors
  4 sky beasts
  4 ogres
  The ghost of indyram44 the Chopper, an amateur MiBe of Trog (D:3)
  33 wolves
  19 centaurs
  3 lemures (D:7)
  2 phantoms (D:11)
  2 kobold brigands
  3 gnoll sergeants
  10 bullfrogs
  3 scorpions
  18 killer bees
  3 troll zombies (D:11)
  A wight (D:8)
  7 howler monkeys
  4 electric eels
  5 centaur zombies
  7 jellies
  15 orc priests
  4 hounds
  2 gnoll shamans
  2 bullfrog skeletons
  7 iguanas
  25 orc wizards
  3 ogre zombies (D:11)
  A hound zombie (D:5)
  2 hound skeletons (D:4)
  2 howler monkey zombies
  Robin (D:2)
  27 gnolls
  7 adders
  An ufetubus (D:7)
  An adder skeleton (D:2)
  2 dart slugs
  74 orcs
  5 ball pythons
  4 bats (D:1)
  7 endoplasms
  4 giant cockroaches
  13 goblins
  13 hobgoblins
  7 jackals
  3 quokkas
  2 frilled lizards
  2 goblin skeletons (D:11)
  3 goblin zombies (D:11)
  2 hobgoblin zombies (D:11)
  21 kobolds
  2 orc skeletons (D:11)
  16 orc zombies (D:11)
  4 rats
881 creatures vanquished.

Vanquished Creatures (collateral kills)
  A dire elephant (D:15)
  2 alligators (Snake:2)
  An orc high priest (Orc:2)
  A shock serpent (Snake:2)
  2 skeletal warriors
  A phantasmal warrior (D:12)
  A black mamba (Lair:6)
  2 cane toads (Lair:6)
  A komodo dragon (Lair:6)
  2 basilisks (Lair:6)
  A swamp worm (Snake:2)
  An iguana (Lair:6)
  3 orcs (Orc:2)
19 creatures vanquished.

Vanquished Creatures (others)
  Nessos (Lair:5)
  A human (D:13)
  A steam dragon (Lair:6)
  A gnoll (D:3)
  An orc (Orc:2)
  A fulminant prism (Snake:3)
  61 fungi
  134 plants
201 creatures vanquished.

Grand Total: 1101 creatures vanquished

Notes
Turn   | Place    | Note
-------+----------+-------------------------------------------
     0 | D:1      | Zonian the Human Conjurer began the quest for the Orb.
     0 | D:1      | Reached XP level 1. HP: 13/13 MP: 3/3
   313 | D:1      | Reached XP level 2. HP: 18/19 MP: 1/5
   991 | D:1      | Reached XP level 3. HP: 24/25 MP: 0/6
   994 | D:1      | Learned a level 2 spell: Searing Ray
  1100 | D:1      | Found Awaits's Assorted Antiques.
  1222 | D:1      | Found a faded altar of an unknown god.
  1638 | D:2      | Noticed Robin
  1856 | D:2      | Reached XP level 4. HP: 31/31 MP: 2/7
  1982 | D:2      | Found Qewudisy's Armour Boutique.
  2367 | D:2      | Reached skill level 1 in Fighting
  2750 | D:2      | Found Semionan's Antique Armour Shoppe.
  3069 | D:2      | Killed Robin
  3070 | D:2      | Reached XP level 5. HP: 37/37 MP: 2/8
  3633 | D:2      | Reached skill level 5 in Conjurations
  3901 | D:3      | Found a shimmering blue altar of Sif Muna.
  4422 | D:3      | Found a transporter.
  4479 | D:3      | Found a transporter.
  4588 | D:2      | Bought a runed leather armour for 125 gold pieces
  4693 | D:3      | Reached skill level 1 in Short Blades
  4693 | D:3      | Reached skill level 1 in Shields
  4693 | D:3      | Reached XP level 6. HP: 44/44 MP: 10/10
  4941 | D:3      | Learned a level 3 spell: Dazzling Flash
  5115 | D:4      | Found an iron altar of Okawaru.
  5115 | D:4      | Found a burning altar of Makhleb.
  5453 | D:4      | Noticed an ogre
  5463 | D:4      | Killed an ogre
  5543 | D:4      | Became a worshipper of Makhleb the Destroyer
  5629 | D:4      | Noticed an ogre
  5633 | D:4      | Found an ancient bone altar of Kikubaaqudgha.
  5639 | D:4      | Killed an ogre
  5640 | D:4      | Reached skill level 1 in Hexes
  5640 | D:4      | Reached XP level 7. HP: 24/50 MP: 11/11
  7123 | D:5      | Entered Level 5 of the Dungeon
  7123 | D:5      | Found Pueqy's Antique Weapon Boutique.
  7123 | D:5      | Noticed a water moccasin
  7132 | D:5      | Killed a water moccasin
  7133 | D:5      | Reached skill level 1 in Invocations
  7565 | D:1      | Bought a metallic yellow potion for 22 gold pieces
  7786 | D:5      | Reached XP level 8. HP: 55/57 MP: 13/13
  8166 | D:1      | Bought a square bone amulet for 125 gold pieces
  8879 | D:5      | Found a shimmering altar of Xom.
  9573 | D:5      | Reached * piety under Makhleb
  9995 | D:6      | Found an opulent altar of Gozag.
 10494 | D:6      | Reached XP level 9. HP: 64/64 MP: 14/14
 10772 | D:6      | Found a glowing golden altar of the Shining One.
 10772 | D:6      | Found a hazy altar of Hepliaklqana.
 11589 | D:6      | Learned a level 4 spell: Iskenderun's Mystic Blast
 11863 | D:7      | Noticed a hornet
 11870 | D:7      | Killed a hornet
 12102 | D:7      | Noticed Pikel
 12376 | D:7      | Noticed Prince Ribbit
 12383 | D:7      | Killed Prince Ribbit
 12384 | D:7      | Reached skill level 1 in Translocations
 12558 | D:7      | Found a staircase to the Ecumenical Temple.
 12633 | D:7      | Noticed a manticore
 12648 | D:7      | Killed a manticore
 13048 | D:7      | Reached XP level 10. HP: 71/71 MP: 15/16
 13297 | D:7      | Reached skill level 5 in Stealth
 13405 | D:7      | Found a radiant altar of Vehumet.
 13526 | D:7      | Noticed Harold
 13585 | D:7      | Killed Pikel
 13586 | D:7      | Reached skill level 5 in Dodging
 13760 | D:7      | Killed Harold
 13761 | D:7      | Reached skill level 5 in Spellcasting
 13774 | Temple   | Entered the Ecumenical Temple
 14443 | D:7      | Found a blossoming altar of Fedhas.
 14516 | D:8      | Noticed a two-headed ogre
 14844 | D:8      | Reached skill level 5 in Fighting
 15275 | D:5      | Bought a runed hunting sling for 112 gold pieces
 15837 | D:8      | Killed a two-headed ogre
 15838 | D:8      | Reached skill level 1 in Slings
 15838 | D:8      | Reached skill level 5 in Invocations
 15838 | D:8      | Reached XP level 11. HP: 80/80 MP: 17/19
 16568 | D:8      | Reached ** piety under Makhleb
 16821 | D:8      | Found a white marble altar of Elyvilon.
 18107 | D:9      | Found a transporter.
 18107 | D:9      | Noticed a manticore
 18116 | D:9      | Noticed a harpy
 18117 | D:9      | Noticed Dordric's ghost (novice HOMo)
 18122 | D:9      | Found a transporter.
 18753 | D:9      | Found a bloodstained altar of Trog.
 18972 | D:9      | Noticed Grum
 18981 | D:9      | Killed Grum
 20084 | D:10     | Entered Level 10 of the Dungeon
 20089 | D:10     | Noticed an ice dragon
 20090 | D:10     | Found the +8 frozen axe "Frostbite" {freezing cloud, *Noise
                  | Fly rC+}
 20611 | D:10     | Learned a level 1 spell: Beastly Appendage
 20929 | D:1      | Bought a steel ring for 125 gold pieces
 21455 | D:10     | Found a staircase to the Lair.
 22008 | D:10     | Reached skill level 1 in Transmutations
 22064 | Lair:1   | Entered Level 1 of the Lair of Beasts
 22733 | D:10     | Killed an ice dragon
 22734 | D:10     | Reached XP level 12. HP: 26/88 MP: 8/21
 23941 | Lair:1   | Noticed Joseph
 23961 | D:10     | Reached skill level 1 in Axes
 23961 | D:10     | Reached skill level 5 in Translocations
 24369 | D:10     | Learned a level 1 spell: Animate Skeleton
 24397 | D:10     | Reached *** piety under Makhleb
 25155 | D:10     | Reached skill level 1 in Necromancy
 25654 | Lair:1   | Killed Joseph
 25672 | Lair:1   | Identified the +11 hand axe "Viquh" {vorpal, Fly rElec rF-
                  | Int+7}
 27315 | Lair:2   | Learned a level 3 spell: Vampiric Draining
 27444 | Lair:2   | Reached skill level 1 in Armour
 27444 | Lair:2   | Reached skill level 1 in Evocations
 27510 | Lair:2   | Reached XP level 13. HP: 95/95 MP: 23/23
 27585 | Lair:2   | Identified a scroll of acquirement
 27585 | Lair:2   | Acquired 904 gold pieces
 27686 | Lair:2   | Found a staircase to the Snake Pit.
 28651 | Lair:3   | Noticed Jazxac's ghost (journeyman MiMo)
 28664 | Lair:3   | Found a transporter.
 28716 | Lair:3   | Reached **** piety under Makhleb
 29136 | Lair:3   | Noticed an eight-headed hydra
 29944 | Lair:3   | Found a staircase to the Swamp.
 30073 | Lair:3   | Learned a level 4 spell: Animate Dead
 30339 | Lair:3   | Found a transporter.
 30629 | Lair:4   | Noticed Snorg
 30645 | Lair:4   | HP: 2/97 [Snorg (14)]
 30647 | Lair:4   | Killed Snorg
 30849 | Lair:4   | Noticed Josephine
 30882 | Lair:4   | Killed Josephine
 31220 | Lair:4   | Reached XP level 14. HP: 101/104 MP: 25/25
 31544 | Lair:4   | Identified the +5 war axe "Yruwibe" {vorpal, rF+ SInv}
 32167 | Lair:5   | Reached ***** piety under Makhleb
 32168 | Lair:5   | Reached skill level 5 in Axes
 33438 | Lair:5   | Reached skill level 5 in Necromancy
 33818 | Lair:5   | Noticed Nessos
 33838 | Lair:5   | Killed Nessos
 34042 | Lair:5   | Found an ornate altar of the Wu Jian Council.
 34052 | Lair:5   | Found a hide-covered altar of Uskayaw.
 34743 | Lair:6   | Entered Level 6 of the Lair of Beasts
 34867 | Lair:6   | Reached skill level 5 in Evocations
 35144 | Lair:6   | Reached skill level 5 in Armour
 35419 | Lair:6   | Reached XP level 15. HP: 112/112 MP: 20/27
 36194 | Lair:6   | Found a staircase to the Slime Pits.
 38149 | Lair:6   | Identified the +8 chain mail "Nughierch" {rPois Int-4
                  | Stlth+}
 38543 | D:11     | Noticed Nergalle
 38601 | D:11     | Killed Nergalle
 38932 | D:11     | Found Hiukam's Antique Armour Shop.
 38940 | D:11     | Bought a runed cloak for 157 gold pieces
 38953 | D:11     | Bought a brightly glowing chain mail for 199 gold pieces
 38953 | D:11     | Identified the +3 chain mail of the Past {+Blink} (You
                  | bought it in a shop on level 11 of the Dungeon)
 38953 | D:11     | Bought a runed ring mail for 147 gold pieces
 39103 | D:11     | Found a staircase to the Orcish Mines.
 39910 | D:11     | Learned a level 5 spell: Borgnjor's Vile Clutch
 39927 | D:11     | Reached ****** piety under Makhleb
 41354 | D:12     | Found Geliug's General Store.
 41361 | D:12     | Bought a scroll of acquirement for 832 gold pieces
 41361 | D:12     | Acquired 867 gold pieces
 41411 | D:12     | Reached skill level 1 in Earth Magic
 44124 | D:12     | Reached XP level 16. HP: 38/120 MP: 24/29
 44920 | D:13     | Found a large runed translucent door.
 44921 | D:13     | Found a large runed translucent door.
 45211 | D:13     | Reached skill level 10 in Invocations
 45939 | D:13     | Found a gate to the Vaults.
 46458 | D:13     | Found a shimmering altar of Xom.
 47215 | D:14     | Found a white marble altar of Elyvilon.
 47653 | D:14     | Learned a level 4 spell: Dispel Undead
 48257 | D:15     | Entered Level 15 of the Dungeon
 48756 | D:15     | Learned a level 4 spell: Fulminant Prism
 49068 | D:15     | Reached skill level 10 in Fighting
 50950 | D:15     | Found a staircase to the Depths.
 51181 | Orc:1    | Entered Level 1 of the Orcish Mines
 51511 | Orc:1    | Found Plog's Antique Armour Emporium.
 51641 | Orc:2    | Entered Level 2 of the Orcish Mines
 51806 | Orc:2    | Found Efyoma Doboe's Antique Armour Boutique.
 51909 | Orc:2    | Found Siotier's Weapon Emporium.
 52086 | Orc:2    | Found a staircase to the Elven Halls.
 52785 | Orc:2    | Found Poenem's Antique Armour Emporium.
 52839 | Orc:2    | Found Yhylakit's Antique Weapon Shoppe.
 53389 | Orc:2    | Found Titauqoq's Assorted Antiques.
 53397 | Orc:2    | Bought a potion of might for 152 gold pieces
 53397 | Orc:2    | Bought a wand of iceblast (13) for 152 gold pieces
 53397 | Orc:2    | Bought a scroll of fear for 133 gold pieces
 54329 | Orc:1    | Reached XP level 17. HP: 126/128 MP: 6/30
 54744 | Orc:2    | Bought the +8 war axe of Uncomfortable Rashes {vorpal,
                  | rElec rPois} for 697 gold pieces
 54773 | Orc:2    | Bought a masterwork ring mail for 180 gold pieces
 54773 | Orc:2    | Identified the +4 ring mail "Nuptoug" {+Blink rF- Str+7}
                  | (You bought it in a shop on level 2 of the Orcish Mines)
 54954 | Snake:1  | Entered Level 1 of the Snake Pit
 55535 | Snake:1  | Found a runed translucent gate.
 55536 | Snake:1  | Found a runed translucent gate.
 55536 | Snake:1  | Found an opulent altar of Gozag.
 55537 | Snake:1  | Found a runed translucent gate.
 55539 | Snake:1  | Found Saogheta's Assorted Antiques.
 55539 | Snake:1  | Found Jorabe's Assorted Antiques.
 55539 | Snake:1  | Noticed Pairof's ghost (adept MiFi)
 56007 | D:3      | Noticed indyram44's ghost (amateur MiBe)
 56069 | D:3      | Killed indyram44's ghost
 56321 | D:9      | Paralysed by a hornet for 1 turns
 56332 | D:9      | Killed Dordric's ghost
 56752 | Lair:3   | Killed Jazxac's ghost
 57133 | Lair:3   | Reached skill level 10 in Spellcasting
 58758 | Snake:1  | Found Biajohux's Book Boutique.
 58758 | Snake:1  | Found Ogha Tiu's Jewellery Emporium.
 58760 | Snake:1  | Found Koqooppe's Book Boutique.
 58782 | Snake:1  | Bought the ring "Ipromyr" {Wiz rPois rF+ Will+ Str-3} for
                  | 855 gold pieces
 58815 | Snake:1  | Noticed Jorgrun
 58827 | Snake:1  | Killed Jorgrun
 59213 | Snake:2  | Reached skill level 5 in Earth Magic
 59954 | Snake:1  | Upgraded the game from 0.27-a0-1193-g8631133539 to
                  | 0.27-a0-1196-g3e9cee4cb2
 65728 | Snake:3  | Reached XP level 18. HP: 130/136 MP: 25/32
 66634 | Snake:4  | Entered Level 4 of the Snake Pit
 67424 | Snake:4  | Slain by a salamander

Illustrated notes

Levels and vault maps discovered:
D:1:      nicolae_arrival_memento_mori, layout_rooms,
          ebering_ecumenical_altar_rust, serial_shops, shop, amethyst_killhole
D:2:      layout_rooms, serial_corexii_hall, chequers_hall_statues_y,
          chequers_hall_statues_y, serial_shops, nicolae_shop_trees, shop,
          uniq_robin
D:3:      layout_rooms, overflow_temple_1_default, gammafunk_ghost_gnarly_gnolls
D:4:      layout_loops_ring, nicolae_overflow_crystal_walls,
          chequers_temple_overflow_statue_of_worship,
          ebering_dispersal_statue_hall, minivault_23, serial_bayou_lagoon_b
D:5:      layout_basic, xom_teletrap_fun, serial_shops, shop_statue,
          kennysheep_generic_room_16
D:6:      layout_loops_corners, grunt_gozag_statues,
          gammafunk_temple_overflow_wave
D:7:      layout_loops_ring, lemuel_coloured_pillars_altar,
          minmay_temple_entry_large_hall, minmay_ruined_shrine, uniq_pikel,
          uniq_harold, uniq_prince_ribbit1
D:8:      layout_loops_ring, kennysheep_mini, kennysheep_small_square
D:9:      layout_stronghold, old_standard_altar, gammafunk_ghost_arena,
          serial_bayou_pond_d, kennysheep_generic_room_15, uniq_grum
D:10:     minmay_coctagon, layout_grid_maze, david_lair_generic
D:11:     layout_irregular_city, zombieorc2_lemuel, serial_shops, shop,
          uniq_nergalle
D:12:     layout_loops_ring, serial_shops, nicolae_shop_statue_plus
D:13:     due_chaos_kobolds, layout_stronghold, ximxim_vaults_locker_room
D:14:     layout_basic, nicolae_elyvilon_peaceful_grove
D:15:     hangedman_depths_entry_try_elsewhere_first, layout_irregular_city,
          minmay_misc_feat_plants
Temple:   minmay_temple_curvy_loop
Lair:1:   layout_regular_city, portal_ice_cave_entry_pillars_2,
          grunt_megastairs_2, uniq_joseph
Lair:2:   layout_gridlike, minmay_snake_entry_six_corridors,
          small_statue_intersection
Lair:3:   layout_gridlike, nicolae_swamp_entry_splash_gauntlet,
          nzn_ghost_randoct
Lair:4:   layout_regular_city, lemuel_fruit_tree, uniq_josephine, uniq_snorg
Lair:5:   layout_loops_ring, nzn_masters_of_martial_movement, uniq_nessos
Lair:6:   guppyfry_lair_end_dragon, layout_concentric_octagons,
          hangedman_lair_tendril_chambers, nicolae_slime_entry_slimehenge,
          nicolae_lair_grove_arrangements, grunt_forest_small_clearings,
          eino_small_chamber_without_monster, serial_bayou_shore_a
Snake:1:  layout_layer_cave, ebering_ghost_gozag, minmay_shop_grove,
          uniq_jorgrun
Snake:2:  onia_ninara_swampy_vault, layout_layer_cave, st_stairs_12, drop_trap,
          nicolae_snake_squiggles, serial_bayou_pond_e
Snake:3:  layout_cave_town
Snake:4:  minmay_snake_end_coiled, layout_onion_interference, eino_curves_01,
          uniq_louise, uniq_saint_roka
Orc:1:    layout_caves, serial_shops, shop, basic_altar, rock_pile
Orc:2:    grunt_orc_community_town_hall, layout_caves,
          grunt_orc_community_big_house_1, grunt_orc_community_big_house_2,
          grunt_orc_community_house_2, grunt_orc_community_house_1,
          grunt_orc_community_house_2, grunt_orc_community_house_2,
          serial_shops, shop, nicolae_orc_crystal_geode

Skill      XL: |  1  2  3  4  5  6  7  8  9 10 11 12 13 14 15 16 17 18 |
---------------+-------------------------------------------------------+-----
Fighting       | 1 2 3 4 5 6 7 8 9 10 11 | 11.0
Conjurations   | 5 6 7 8 9 |  9.8
Short Blades   | 1 2 3 4 |  4.7
Shields        | 1 2 3 4 |  4.7
Dodging        | 3 4 5 6 7 |  7.2
Spellcasting   | 3 4 5 6 7 8 9 10 | 10.5
Stealth        | 3 4 6 |  6.7
Hexes          | 1 2 3 |  3.1
Invocations    | 1 2 3 5 6 7 8 9 10 11 | 11.6
Translocations | 1 3 4 5 6 7 |  7.5
Slings         | 1 3 4 |  4.2
Transmutations | 1 2 |  2.5
Axes           | 2 4 5 7 8 9 |  9.2
Necromancy     | 2 4 5 6 7 8 9 |  9.0
Armour         | 1 3 5 6 7 8 |  8.9
Evocations     | 1 3 5 6 7 8 |  8.7
Earth Magic    | 2 4 5 6 |  6.1
Maces & Flails | |  0.8

Action                   |  1- 3 |  4- 6 |  7- 9 | 10-12 | 13-15 | 16-18 || total
-------------------------+-------+-------+-------+-------+-------+-------++-------
Melee: Whip              |    58 |       |       |       |       |       ||    58
       Dagger            |     2 |     6 |    31 |     4 |       |       ||    43
       Short sword       |       |       |       |   109 |       |       ||   109
       Hand axe          |       |       |       |    59 |   549 |   618 ||  1226
       War axe           |       |       |       |       |    34 |   192 ||   226
       Kick              |       |       |       |       |       |     2 ||     2
       Headbutt          |       |       |       |       |       |     1 ||     1
 Fire: Hunting sling     |       |       |       |    12 |     7 |    13 ||    32
Throw: Dart              |       |       |       |       |     1 |       ||     1
 Cast: Magic Dart        |    53 |   113 |   171 |   226 |   305 |   304 ||  1172
       Searing Ray       |       |     3 |    24 |    96 |   126 |    89 ||   338
       Iskenderun's Myst |       |       |       |     8 |    50 |    58 ||   116
       Animate Skeleton  |       |       |       |     2 |     7 |       ||     9
       Beastly Appendage |       |       |       |       |     1 |     2 ||     3
       Dazzling Flash    |       |       |       |       |     1 |     1 ||     2
       Animate Dead      |       |       |       |       |     5 |    19 ||    24
       Borgnjor's Vile C |       |       |       |       |       |     3 ||     3
       Dispel Undead     |       |       |       |       |       |     2 ||     2
       Fulminant Prism   |       |       |       |       |       |     1 ||     1
Invok: Lesser Servant of |       |       |       |       |     6 |     4 ||    10
 Abil: Evoke Blink       |       |       |       |       |       |     1 ||     1
Evoke: Wand              |       |       |     1 |     2 |    57 |    60 ||   120
       Box of beasts     |       |       |       |       |     2 |       ||     2
       Condenser vane    |       |       |       |       |     1 |     3 ||     4
  Use: Scroll            |       |    11 |     9 |    10 |    10 |     7 ||    47
       Potion            |       |       |     2 |     2 |     8 |     1 ||    13
 Stab: Sleeping          |       |     2 |     2 |     1 |     2 |     5 ||    12
       Distracted        |       |       |       |       |     1 |     3 ||     4
       Invisible         |       |       |       |       |       |     1 ||     1
Armor: Robe              |    18 |     2 |       |       |       |       ||    20
       Leather armour    |       |     2 |    17 |    46 |       |       ||    65
       Troll leather arm |       |       |       |    63 |   178 |       ||   241
       Swamp dragon scal |       |       |       |       |    78 |   187 ||   265
       Steam dragon scal |       |       |       |       |     8 |       ||     8
       Ring mail         |       |       |       |       |       |   162 ||   162
Dodge: Dodged            |    52 |     9 |    33 |   277 |   356 |   387 ||  1114
Block: Buckler           |       |     2 |    26 |   228 |   566 |   721 ||  1543
       Reflection        |       |       |       |    13 |    13 |    67 ||    93

Table legend: (Time is in decaauts)
 A = Elapsed time spent in this place.
 B = Non-inter-level travel time spent in this place.
 C = Inter-level travel time spent in this place.
 D = Time resting spent in this place.
 E = Time spent auto-exploring this place.
 F = Levels seen in this place.
 G = Mean time per level.
                   A        B        C        D        E       F      G
               +--------+--------+--------+--------+--------+-----+--------+
         Total |  67581 |  63908 |   3673 |  36523 |  16203 |  28 | 2413.6 |
       Dungeon |  39149 |  36325 |   2824 |  21401 |   9305 |  15 | 2609.9 |
        Temple |    315 |    314 |      1 |    308 |      0 |   1 |  315.0 |
          Lair |  13870 |  13387 |    483 |   6440 |   3527 |   6 | 2311.7 |
     Snake Pit |  10579 |  10346 |    233 |   6679 |   2385 |   4 | 2644.8 |
  Orcish Mines |   3665 |   3534 |    131 |   1695 |    985 |   2 | 1832.5 |
               +--------+--------+--------+--------+--------+-----+--------+

Top non-repeatable levels by time:
    D:10: 5563 daAuts
 Snake:2: 4216 daAuts
    D:12: 3377 daAuts
 Snake:1: 3241 daAuts
     D:9: 3075 daAuts
  Lair:6: 3061 daAuts
  Lair:3: 3007 daAuts
 Snake:3: 2900 daAuts
    D:15: 2834 daAuts
     D:7: 2748 daAuts
   Orc:2: 2648 daAuts
     D:8: 2622 daAuts
     D:4: 2588 daAuts
  Lair:5: 2545 daAuts
    D:11: 2529 daAuts
